SL
CHICAGO GOLD SOX @ ATLANTA SMOKE
05/14/2018
 
TOP OF THE 1ST
Chicago Gold Sox batting - Pitching for Atlanta Smoke : RHP Christian Pitts
Pitching: RHP Christian Pitts
Batting: RHB Leandro Tuzzi 0-0: Ball
1-0: Reached on error, E5 (Groundball, 5S)
Batting: LHB Earl Ellis 0-0: Ball
1-0: Ball
Leandro Tuzzi is caught stealing 2nd base
2-0: SINGLE (Line Drive, 3)
Batting: RHB Pablo Trujillo 0-0: Foul Ball, location: 2F
0-1: Foul Ball, location: 2F
0-2: Foul Ball, location: 2F
0-2: Ball
1-2: Ball
2-2: Fly out, F7 (Line Drive, 7M)
Batting: LHB Noel Ballard 0-0: Foul Ball, location: 2F
0-1: Swinging Strike
0-2: Ball
1-2: Foul Ball, location: 2F
1-2: SINGLE (Line Drive, 6M)
Earl Ellis to second
Runner from 2nd tries for 3rd, SAFE, no throw or cutoff
Batting: LHB Norm Ortega 0-0: Ball
1-0: Ball
Noel Ballard steals 2nd base
2-0: Fly out, F7 (Flyball, 7M)
Top of the 1st over - 0 run(s), 2 hit(s), 1 error(s), 2 left on base; Chicago 0 - Atlanta 0
BOTTOM OF THE 1ST
Atlanta Smoke batting - Pitching for Chicago Gold Sox : RHP Guillermo Pérez
Pitching: RHP Guillermo Pérez
Batting: LHB Egidio Agnolutto 0-0: Called Strike
0-1: Bunt missed!
0-2: Ball
1-2: SOLO HOME RUN (Flyball, 89XD), Distance : 429 ft
Batting: RHB Juan Orozco 0-0: Foul Ball, location: 2F
0-1: Foul Ball, location: 2F
0-2: Ball
1-2: Ball
2-2: SINGLE (Flyball, 78S)
Batting: RHB Chris Smith 0-0: Ball
1-0: Called Strike
1-1: Foul Ball, location: 2F
1-2: Fly out, F9 (Flyball, 9LM)
Batting: LHB Armando Esparza 0-0: Foul Ball, location: 2F
0-1: Foul Ball, location: 2F
0-2: Ball
1-2: Ball
2-2: Foul Ball, location: 2F
2-2: Foul Ball, location: 2F
2-2: Fly out, F7 (Flyball, 7M)
Batting: RHB Nate Cates 0-0: Ball
1-0: Foul Ball, location: 2F
1-1: Ground out U3 (Groundball, 3L)
Bottom of the 1st over - 1 run(s), 2 hit(s), 0 error(s), 1 left on base; Chicago 0 - Atlanta 1
TOP OF THE 2ND
Chicago Gold Sox batting - Pitching for Atlanta Smoke : RHP Christian Pitts
Batting: RHB Mike Brown 0-0: Foul Ball, location: 2F
0-1: Ball
1-1: Ball
2-1: Foul Ball, location: 2F
2-2: Strikes out swinging
Batting: SHB Júlio García 0-0: Ball
1-0: Ball
2-0: Swinging Strike
2-1: Foul Ball, location: 2F
2-2: Ball
3-2: DOUBLE (Line Drive, 89M)
Batting: RHB Daniel Lallanilla 0-0: Called Strike
0-1: Foul Ball, location: 2F
0-2: Ball
1-2: Ball
2-2: Strikes out swinging
Batting: RHB Guillermo Pérez 0-0: Reached on error, E5 (Groundball, 5S)
Júlio García scores
Batting: RHB Leandro Tuzzi 0-0: SINGLE (Line Drive, 89S)
Guillermo Pérez to third
Batting: LHB Earl Ellis 0-0: Ball
1-0: Ball
2-0: SINGLE (Flyball, 89S)
Guillermo Pérez scores
Leandro Tuzzi to second
Runner from 2nd tries for 3rd, SAFE, throw made to third
Batting: RHB Pablo Trujillo 0-0: Foul Ball, location: 2F
0-1: Fly out, F6 (Popup, 6D)
Top of the 2nd over - 2 run(s), 3 hit(s), 1 error(s), 2 left on base; Chicago 2 - Atlanta 1
BOTTOM OF THE 2ND
Atlanta Smoke batting - Pitching for Chicago Gold Sox : RHP Guillermo Pérez
Batting: RHB Mal Bussard 0-0: Foul Ball, location: 2F
0-1: Foul Ball, location: 2F
0-2: Ball
1-2: Foul Ball, location: 2F
1-2: Strikes out looking
Batting: RHB Florian Cesaresco 0-0: Called Strike
0-1: Swinging Strike
0-2: Ball
1-2: Ground out 1-3 (Groundball, 15)
Batting: LHB Rick Harrison 0-0: Ball
1-0: Called Strike
1-1: SINGLE (Line Drive, 6M)
Batting: SHB Christian Pitts 0-0: Ball
1-0: DOUBLE (Line Drive, 8RM)
Rick Harrison to third
Runner from 3rd tries for Home, throw and OUT!
Bottom of the 2nd over - 0 run(s), 2 hit(s), 0 error(s), 1 left on base; Chicago 2 - Atlanta 1
TOP OF THE 3RD
Chicago Gold Sox batting - Pitching for Atlanta Smoke : RHP Christian Pitts
Batting: LHB Noel Ballard 0-0: Foul Ball, location: 2F
0-1: Ball
1-1: Ball
2-1: SINGLE (Groundball, 56D)
Batting: LHB Norm Ortega 0-0: Swinging Strike
0-1: SINGLE (Line Drive, 9S)
Noel Ballard to second
Runner from 2nd tries for 3rd, SAFE, no throw or cutoff
Batting: RHB Mike Brown Pickoff Throw to First - Out!
0-0: Ground out 1-3 (Groundball, 13)
Batting: SHB Júlio García 0-0: Ball
1-0: Ball
2-0: Called Strike
2-1: Foul Ball, location: 2F
2-2: Ball
3-2: SINGLE (Groundball, 6)
Noel Ballard scores
Batting: RHB Daniel Lallanilla 0-0: Ball
1-0: Foul Ball, location: 2F
1-1: Called Strike
1-2: Strikes out looking
Top of the 3rd over - 1 run(s), 3 hit(s), 0 error(s), 1 left on base; Chicago 3 - Atlanta 1
BOTTOM OF THE 3RD
Atlanta Smoke batting - Pitching for Chicago Gold Sox : RHP Guillermo Pérez
Batting: LHB Egidio Agnolutto 0-0: Called Strike
0-1: Bunted foul
0-2: Ball
1-2: Strikes out looking
Batting: RHB Juan Orozco 0-0: Swinging Strike
0-1: Ball
1-1: SINGLE (Line Drive, 89S)
Batting: RHB Chris Smith 0-0: DOUBLE (Flyball, 8RXD)
Juan Orozco to third
Batting: LHB Armando Esparza 0-0: Ball
1-0: Ball
2-0: DOUBLE (Line Drive, 8LM)
Juan Orozco scores
Chris Smith scores
Batting: RHB Nate Cates 0-0: Ball
1-0: Called Strike
1-1: Ball
2-1: Ground out 5-3 (Groundball, 56)
Batting: RHB Mal Bussard 0-0: Called Strike
0-1: Swinging Strike
0-2: Ball
1-2: Ball
2-2: Ball
3-2: Foul Ball, location: 2F
3-2: Base on Balls
Batting: RHB Florian Cesaresco 0-0: Fielders Choice at 2nd, U6 (Groundball, 6M)
Bottom of the 3rd over - 2 run(s), 3 hit(s), 0 error(s), 2 left on base; Chicago 3 - Atlanta 3
TOP OF THE 4TH
Chicago Gold Sox batting - Pitching for Atlanta Smoke : RHP Christian Pitts
Batting: RHB Guillermo Pérez 0-0: Ball
1-0: Fly out, F6 (Popup, 6MD)
Batting: RHB Leandro Tuzzi 0-0: Called Strike
0-1: Ball
1-1: Swinging Strike
1-2: Ball
2-2: Ball
3-2: Ground out 4-3 (Groundball, 4)
Batting: LHB Earl Ellis 0-0: Foul Ball, location: 2F
0-1: Swinging Strike
0-2: Ball
1-2: Ball
2-2: Ball
3-2: Ground out 3-1 (Groundball, 34)
Top of the 4th over - 0 run(s), 0 hit(s), 0 error(s), 0 left on base; Chicago 3 - Atlanta 3
BOTTOM OF THE 4TH
Atlanta Smoke batting - Pitching for Chicago Gold Sox : RHP Guillermo Pérez
Batting: LHB Rick Harrison 0-0: Ball
1-0: SINGLE (Line Drive, 7S)
Batting: SHB Christian Pitts 0-0: Ball
Rick Harrison steals 2nd base
1-0: Bunted foul
1-1: Sac Bunt - play at first, batter OUT! 2-4
Rick Harrison to third
Pitching: RHP John Brown
Batting: LHB Egidio Agnolutto 0-0: Ball
1-0: Called Strike
1-1: Ball
2-1: Ball
3-1: Foul Ball, location: 2F
3-2: Base on Balls
Batting: RHB Juan Orozco 0-0: Ball
1-0: Foul Ball, location: 2F
1-1: Ball
2-1: Foul Ball, location: 2F
2-2: Strikes out looking
Batting: RHB Chris Smith 0-0: Ball
1-0: SINGLE (Line Drive, 8LS)
Rick Harrison scores
Egidio Agnolutto to second
Batting: LHB Armando Esparza 0-0: Ball
1-0: Ball
2-0: Ball
3-0: Called Strike
3-1: 3-RUN HOME RUN (Flyball, 9D), Distance : 379 ft
Pitching: RHP Justin Reynolds
Batting: RHB Nate Cates 0-0: Ground out 5-3 (Groundball, 5)
Bottom of the 4th over - 4 run(s), 3 hit(s), 0 error(s), 0 left on base; Chicago 3 - Atlanta 7
TOP OF THE 5TH
Chicago Gold Sox batting - Pitching for Atlanta Smoke : RHP Christian Pitts
Batting: RHB Pablo Trujillo 0-0: Ball
1-0: Called Strike
1-1: Ball
2-1: Ball
3-1: Base on Balls
Pitching: LHP Ilie Paunescu
Batting: LHB Noel Ballard 0-0: Ball
1-0: Ball
2-0: Called Strike
Pablo Trujillo is caught stealing 2nd base
2-1: Called Strike
2-2: SINGLE (Line Drive, 6M)
Pitching: RHP Fred Pitts
Batting: LHB Norm Ortega 0-0: Ball
Balk!
Noel Ballard to second
1-0: Called Strike
Noel Ballard is caught stealing 3rd base
1-1: Ground out 6-3 (Groundball, 6)
Top of the 5th over - 0 run(s), 1 hit(s), 0 error(s), 0 left on base; Chicago 3 - Atlanta 7
BOTTOM OF THE 5TH
Atlanta Smoke batting - Pitching for Chicago Gold Sox : RHP Justin Reynolds
Batting: RHB Mal Bussard 0-0: Ball
1-0: Ground out 5-3 (Groundball, 5)
Batting: RHB Florian Cesaresco 0-0: Swinging Strike
0-1: Foul Ball, location: 2F
0-2: Ground out 3-1 (Groundball, 34)
Batting: LHB Rick Harrison 0-0: Ground out 4-3 (Groundball, 4)
Bottom of the 5th over - 0 run(s), 0 hit(s), 0 error(s), 0 left on base; Chicago 3 - Atlanta 7
TOP OF THE 6TH
Chicago Gold Sox batting - Pitching for Atlanta Smoke : RHP Fred Pitts
Pitching: RHP Cisco Cruz
Batting: RHB Mike Brown 0-0: Foul Ball, location: 2F
0-1: Swinging Strike
0-2: Ball
1-2: Strikes out looking
Batting: SHB Júlio García 0-0: Ball
1-0: Swinging Strike
1-1: Swinging Strike
1-2: Ball
2-2: Strikes out swinging
Pitching: RHP Mike Farrell
Batting: RHB Daniel Lallanilla 0-0: Ground out 5-3 (Groundball, 5)
Top of the 6th over - 0 run(s), 0 hit(s), 0 error(s), 0 left on base; Chicago 3 - Atlanta 7
BOTTOM OF THE 6TH
Atlanta Smoke batting - Pitching for Chicago Gold Sox : RHP Justin Reynolds
Batting: RHB Mike Farrell 0-0: Swinging Strike
0-1: Ball
1-1: Ball
2-1: Swinging Strike
2-2: Strikes out swinging
Batting: LHB Egidio Agnolutto 0-0: DOUBLE (Line Drive, 89XD)
Batting: RHB Juan Orozco 0-0: Called Strike
Egidio Agnolutto is caught stealing 3rd base
0-1: Ball
1-1: SINGLE (Groundball, 4D)
Batting: RHB Chris Smith 0-0: Called Strike
0-1: Ball
1-1: Fly out, F7 (Flyball, 78XD)
Bottom of the 6th over - 0 run(s), 2 hit(s), 0 error(s), 1 left on base; Chicago 3 - Atlanta 7
TOP OF THE 7TH
Chicago Gold Sox batting - Pitching for Atlanta Smoke : RHP Mike Farrell
Pinch Hitting: RHB Craig Stewart 0-0: Ball
1-0: Swinging Strike
1-1: Ball
2-1: SOLO HOME RUN (Flyball, 78XD), Distance : 434 ft
Batting: RHB Leandro Tuzzi 0-0: Called Strike
0-1: Called Strike
0-2: Foul Ball, location: 2F
0-2: Ball
1-2: Ball
2-2: Ball
3-2: Foul Ball, location: 2F
3-2: Foul Ball, location: 2F
3-2: Foul Ball, location: 2F
3-2: Ground out 5-3 (Groundball, 5S)
Batting: LHB Earl Ellis 0-0: Ball
1-0: Ball
2-0: Ball
3-0: Base on Balls
Batting: RHB Pablo Trujillo 0-0: Called Strike
0-1: Ball
1-1: Ball
2-1: Ball
3-1: Called Strike
3-2: Foul Ball, location: 2F
3-2: SINGLE (Groundball, 56D)
Earl Ellis to second
Batting: LHB Noel Ballard 0-0: Ball
1-0: Ball
2-0: Ball
3-0: Base on Balls
Earl Ellis to third
Pablo Trujillo to second
Batting: LHB Norm Ortega 0-0: Ball
1-0: Ball
2-0: Ball
3-0: Base on Balls
Earl Ellis scores
Pablo Trujillo to third
Noel Ballard to second
Batting: RHB Mike Brown 0-0: Ball
1-0: SINGLE (Groundball, 56D)
Pablo Trujillo scores
Noel Ballard to third
Norm Ortega to second
Runner from 3rd tries for Home, SAFE, no throw or cutoff
Batting: SHB Júlio García 0-0: Called Strike
0-1: Foul Ball, location: 2F
0-2: Grounds into double play, 3-6-3 (Groundball, 3)
Top of the 7th over - 4 run(s), 3 hit(s), 0 error(s), 1 left on base; Chicago 7 - Atlanta 7
BOTTOM OF THE 7TH
Atlanta Smoke batting - Pitching for Chicago Gold Sox : RHP Justin Reynolds
Pitching: RHP John Hicks
Now at 1B: John Farrell
Batting: LHB Armando Esparza 0-0: Ball
1-0: Foul Ball, location: 2F
1-1: Ball
2-1: Ball
3-1: Foul Ball, location: 2F
3-2: Ground out 3-1 (Groundball, 34)
Batting: RHB Nate Cates 0-0: Ball
1-0: Ball
2-0: Ball
3-0: Base on Balls
Batting: RHB Mal Bussard 0-0: Called Strike
0-1: Foul Ball, location: 2F
0-2: Ball
1-2: Ball
2-2: Ball
3-2: Base on Balls
Nate Cates to second
Batting: RHB Florian Cesaresco 0-0: Ball
1-0: Foul Ball, location: 2F
1-1: SINGLE (Groundball, 3)
Nate Cates to third
Mal Bussard to second
Batting: LHB Rick Harrison 0-0: Called Strike
0-1: Swinging Strike
0-2: Strikes out looking
Batting: RHB Mike Farrell 0-0: Swinging Strike
0-1: Ball
1-1: Fly out, F7 (Flyball, 7M)
Bottom of the 7th over - 0 run(s), 1 hit(s), 0 error(s), 3 left on base; Chicago 7 - Atlanta 7
TOP OF THE 8TH
Chicago Gold Sox batting - Pitching for Atlanta Smoke : RHP Mike Farrell
Batting: RHB Daniel Lallanilla 0-0: Ball
1-0: Called Strike
1-1: Ball
2-1: SINGLE (Line Drive, 5D)
Pinch Hitting: LHB Ron Goodwin 0-0: Called Strike
0-1: Foul Ball, location: 2F
0-2: Ball
1-2: Ball
2-2: 2-RUN HOME RUN (Flyball, 9LD), Distance : 370 ft
Batting: RHB Leandro Tuzzi 0-0: SINGLE (Flyball, 8RS) - OUT at second base trying to stretch hit.
Batting: LHB Earl Ellis 0-0: Called Strike
0-1: Swinging Strike
0-2: Ball
1-2: Ball
2-2: SINGLE (Line Drive, 8RS)
Batting: RHB Pablo Trujillo 0-0: Ground out 4-3 (Groundball, 13)
Earl Ellis to second
Batting: LHB Noel Ballard 0-0: Ball
1-0: Ball
2-0: Ball
3-0: Called Strike
Balk!
Earl Ellis to third
3-1: Base on Balls
Batting: LHB Norm Ortega 0-0: Foul Ball, location: 2F
0-1: Ball
1-1: Foul Ball, location: 2F
1-2: Ball
2-2: Ball
3-2: Foul Ball, location: 2F
3-2: Foul Ball, location: 2F
3-2: Base on Balls
Noel Ballard to second
Pitching: RHP Yoriyoshi Yamamoto
Pinch Hitting: RHB Joe Ferneyhough 0-0: Called Strike
0-1: Ball
1-1: Ball
2-1: SINGLE (Line Drive, 9LM)
Earl Ellis scores
Noel Ballard to third
Norm Ortega to second
Runner from 3rd tries for Home, SAFE, no throw or cutoff
Batting: SHB Júlio García 0-0: Swinging Strike
0-1: Foul Ball, location: 2F
0-2: Strikes out swinging
Top of the 8th over - 4 run(s), 5 hit(s), 0 error(s), 2 left on base; Chicago 11 - Atlanta 7
BOTTOM OF THE 8TH
Atlanta Smoke batting - Pitching for Chicago Gold Sox : RHP John Hicks
Pitching: LHP Billy Black
Now at 1B: Ron Goodwin
Batting: LHB Egidio Agnolutto 0-0: Foul Ball, location: 2F
0-1: Ball
1-1: Called Strike
1-2: Strikes out looking
Batting: RHB Juan Orozco 0-0: Ball
1-0: Swinging Strike
1-1: Ball
2-1: Ball
3-1: Base on Balls
Batting: RHB Chris Smith 0-0: Foul Ball, location: 2F
0-1: Ball
1-1: Foul Ball, location: 2F
1-2: Foul Ball, location: 2F
1-2: SINGLE (Groundball, 34D)
Juan Orozco to second
Runner from 2nd tries for 3rd, SAFE, throw made to third
Batting: LHB Armando Esparza 0-0: Ball
1-0: Ball
2-0: Ball
3-0: Base on Balls
Chris Smith to second
Pitching: RHP Ron Kennedy
Batting: RHB Nate Cates 0-0: Called Strike
0-1: Ball
1-1: Foul Ball, location: 2F
1-2: Strikes out looking
Batting: RHB Mal Bussard 0-0: Swinging Strike
0-1: Ball
1-1: Ball
2-1: SINGLE (Groundball, 4D)
Juan Orozco scores
Chris Smith to third
Armando Esparza to second
Runner from 3rd tries for Home, SAFE, no throw or cutoff
Batting: RHB Florian Cesaresco 0-0: Ground out 5-3 (Groundball, 56)
Bottom of the 8th over - 2 run(s), 2 hit(s), 0 error(s), 2 left on base; Chicago 11 - Atlanta 9
TOP OF THE 9TH
Chicago Gold Sox batting - Pitching for Atlanta Smoke : RHP Yoriyoshi Yamamoto
Batting: RHB Daniel Lallanilla 0-0: Called Strike
0-1: Ball
1-1: Foul Ball, location: 2F
1-2: Ball
2-2: Fly out, F6 (Popup, 6)
Batting: LHB Ron Goodwin 0-0: Ball
1-0: Called Strike
1-1: Ball
2-1: Ball
3-1: Swinging Strike
3-2: SINGLE (Groundball, 25) (infield hit)
Batting: RHB Leandro Tuzzi 0-0: Ball
1-0: Ball
2-0: Ball
3-0: Called Strike
3-1: Fielders Choice at 2nd, 6-4 (Groundball, 6M)
Batting: LHB Earl Ellis 0-0: 2-RUN HOME RUN (Flyball, 9LD), Distance : 359 ft
Batting: RHB Pablo Trujillo 0-0: Called Strike
0-1: Ball
1-1: Ball
2-1: Called Strike
2-2: Ball
3-2: Foul Ball, location: 2F
3-2: Strikes out swinging
Top of the 9th over - 2 run(s), 2 hit(s), 0 error(s), 0 left on base; Chicago 13 - Atlanta 9
BOTTOM OF THE 9TH
Atlanta Smoke batting - Pitching for Chicago Gold Sox : RHP Ron Kennedy
Batting: LHB Rick Harrison 0-0: Bunt missed!
0-1: Called Strike
0-2: Ground out 1-3 (Groundball, 15S)
Batting: RHB Yoriyoshi Yamamoto 0-0: Called Strike
0-1: Ball
1-1: Ball
2-1: Ball
3-1: Base on Balls
Batting: LHB Egidio Agnolutto 0-0: SINGLE (Line Drive, 4MD)
Yoriyoshi Yamamoto to second
Pitching: RHP Lorenzo Marín
Batting: RHB Juan Orozco 0-0: Ball
1-0: Fly out, F4 (Line Drive, 4M)
1-0: Lined into DP, U4 (Line Drive, 4M)
Bottom of the 9th over - 0 run(s), 1 hit(s), 0 error(s), 1 left on base; Chicago 13 - Atlanta 9
This league is powered by Out of the Park Baseball, the baseball management simulation game for PC, Mac and Linux
Monday, May 4th, 2015 - OOTP Baseball 15.6 Build 34